 Dungeon Crawl Stone Soup version 0.28-a0-1415-g7c84da036a (webtiles) character file.

Game seed: 737424422656267709

27 zap2161 the Digger (level 2, 22/22 HPs)
             Began as a Deep Dwarf Earth Elementalist on Jan 6, 2022.
             Quit the game on level 2 of the Dungeon on Jan 7, 2022.
             The game lasted 00:09:12 (441 turns).

zap2161 the Digger (Deep Dwarf Earth Elementalist)   Turns: 441, Time: 00:09:13

Health: 22/22      AC:  2    Str: 11    XL:     2   Next: 93%
Magic:  5/5        EV: 12    Int: 15    God:
Gold:   28         SH:  0    Dex: 13    Spells: 4/5 levels left

rFire   . . .      SeeInvis .   h - +1 dagger (vamp)
rCold   . . .      Faith    .   (no shield)
rNeg    . . .      Spirit   .   f - +0 robe
rPois   +          Reflect  .   (no helmet)
rElec   .          Harm     .   (no cloak)
rCorr   .          Rampage  .   (no gloves)
Will    .....                   (no boots)
Stlth   ++........              (no amulet)
HPRegen 0.00/turn               g - ring of poison resistance
MPRegen 0.09/turn               (no ring)

@: no status effects
A: damage resistance, heal wounds, sense surroundings 1, no regeneration
a: Heal Wounds


You were on level 2 of the Dungeon.
You visited 1 branch of the dungeon, and saw 2 of its levels.

You collected 28 gold pieces.

Inventory:

Hand Weapons
 b - a +0 spear
 e - a +0 dagger
 h - a +1 vampiric dagger (weapon)
Missiles
 a - 23 sling bullets
 c - 43 stones
Armour
 f - a +0 robe (worn)
Jewellery
 g - a ring of poison resistance (left hand)
Scrolls
 d - 3 scrolls of identify {unknown}
 i - a scroll of teleportation {unknown}


   Skills:
 * Level 0.5 Armour
 * Level 2.4 Dodging
 + Level 2.5 Stealth
 * Level 2.0 Spellcasting
 * Level 1.1 Transmutations
 * Level 4.8 Earth Magic


You had 4 spell levels left.
You knew the following spells:

 Your Spells              Type           Power      Damage    Failure   Level
a - Sandblast             Erth           32%        2d9       3%          1

Your spell library contained the following spells:

 Spells                   Type           Power      Damage    Failure   Level
 Passwall                 Tmut/Erth      8%         N/A       10%         2
 Stone Arrow              Conj/Erth      16%        3d8       24%         3
 Petrify                  Tmut/Erth      10%        N/A       54%         4
 Blade Hands              Tmut           2%         N/A       98%         5
 Irradiate                Conj/Tmut      1%         3d14      99%         5
 Dragon Form              Tmut           2%         N/A       100%        7


Dungeon Overview and Level Annotations

Branches:
Dungeon (2/15)

Altars:


Innate Abilities, Weirdness & Mutations

You are resistant to damage.
You can heal yourself by infusing magical energy.
You passively map a small area around you.
You do not regenerate.


Message History

d - 3 scrolls labelled ENOCRE VARGH (gained 1)
You open the door.
A quokka comes into view.
There is an open door here.
A rat comes into view.
Hit: h) +1 dagger (vamp)
Press: ? - help, Dir - move target, f - you That would be overly suicidal.
Okay, then.
Unknown command.
Casting: Sandblast (safe; 3% risk of failure)
Confirm with . or Enter, or press ? or * to list all spells.
Aiming: Sandblast (safe; 3% risk of failure)
Press: ? - help, Shift-Dir - straight line, f - quokka
Aim: a quokka (71% to hit)
The blast of sand hits the quokka!!
You kill the quokka!
Your Spellcasting skill increases to level 2!
You see here a quokka corpse.
Hit: h) +1 dagger (vamp)
Press: ? - help, Dir - move target, f - rat
Aim: a rat (about 37% to evade your +1 vampiric dagger)
You hit the rat but do no damage. The rat closely misses you.
Hit: h) +1 dagger (vamp)
Press: ? - help, Dir - move target, f/p - rat
Aim: a rat (about 37% to evade your +1 vampiric dagger)
You barely miss the rat. The rat misses you.
Hit: h) +1 dagger (vamp)
Press: ? - help, Dir - move target, f/p - rat
Aim: a rat (about 37% to evade your +1 vampiric dagger)
You hit the rat.
You kill the rat!
There is a stone staircase leading down here.
You climb downwards.
There is a stone staircase leading up here.
Saving game... please wait.
Welcome back, zap2161 the Deep Dwarf Earth Elementalist.
Press ? for a list of commands and other information.
Unknown command.
Are you sure you want to abandon this character and quit the game? (Confirm with "yes".)

, , ,, *
* , * , ,
*, ### *
, ,
,..#,, ,,
, ** #
#.# ,*
##.##.# *
#.....#
*,*
*#....@#
** ,
#.....#
** *
#.....#,,
, * ,
#.....# ,
#.....+ ,
.......#*
*
........#
S.......#


You could see an adder (asleep).

Vanquished Creatures
  A dart slug (D:1)
  4 ball pythons (D:1)
  3 endoplasms (D:1)
  2 goblins (D:1)
  3 hobgoblins (D:1)
  A quokka (D:1)
  2 bats (D:1)
  2 frilled lizards (D:1)
  2 kobolds (D:1)
  4 rats (D:1)
24 creatures vanquished.

Notes
Turn   | Place    | Note
-------+----------+-------------------------------------------
     0 | D:1      | zap2161 the Deep Dwarf Earth Elementalist began the quest
                  | for the Orb.
     0 | D:1      | Reached XP level 1. HP: 15/15 MP: 3/3
    89 | D:1      | Reached skill level 1 in Transmutations
   179 | D:1      | Reached XP level 2. HP: 22/22 MP: 1/4
   441 | D:2      | Upgraded the game from 0.28-a0-1412-gf95308ed99 to
                  | 0.28-a0-1415-g7c84da036a
   441 | D:2      | Quit the game

Illustrated notes

Levels and vault maps discovered:
D:1:      matt_arrival_refuge, layout_basic
D:2:      layout_basic, roderic_roman_lattice, hex_tiny, nrook_mini_backslash,
          roderic_serpentine_path, minmay_pentomino_q4, uniq_jessica,
          uniq_natasha

Skill      XL: |  1  2 |
---------------+-------+-----
Transmutations | 1 |  1.1
Spellcasting   | 2 |  2.0
Armour         | |  0.5
Dodging        | |  2.4
Stealth        | |  2.5
Earth Magic    | |  4.8

Action                   || total
-------------------------++-------
Melee: Unarmed           ||     4
       Dagger            ||    15
 Cast: Sandblast         ||    20
 Stab: Sleeping          ||     1
Armor: Robe              ||     2
Dodge: Dodged            ||    11

Table legend: (Time is in decaauts)
 A = Elapsed time spent in this place.
 B = Non-inter-level travel time spent in this place.
 C = Inter-level travel time spent in this place.
 D = Time resting spent in this place.
 E = Time spent auto-exploring this place.
 F = Levels seen in this place.
 G = Mean time per level.
                   A        B        C        D        E       F      G
               +--------+--------+--------+--------+--------+-----+--------+
         Total |    438 |    438 |      0 |      0 |      0 |   2 |  219.0 |
       Dungeon |    438 |    438 |      0 |      0 |      0 |   2 |  219.0 |
               +--------+--------+--------+--------+--------+-----+--------+

Top non-repeatable levels by time:
     D:1: 437 daAuts
     D:2: 0 daAuts
